[ AOE2 MATCH · #476820636 ]
UnrankedPersians vs Khmer
[ REPLAY ANALYSIS · EXTRACTED FROM THE RECORDED GAME ]
Feudal
10:47
Castle
15:57
Imperial
32:28
| APM avg | 27.1 |
| APM peak | 49 |
| eAPM avg | 21.0 |
| Villagers / military | 175 / 95 |
Focus
⚔️ 24.3% · 🌾 75.7%
War Elephant ×80 · Knight ×15
Feudal
11:42
Castle
16:13
Imperial
32:39
| APM avg | 35.9 |
| APM peak | 77 |
| eAPM avg | 20.1 |
| Villagers / military | 141 / 206 |
Focus
⚔️ 27.2% · 🌾 72.8%
Camel Scout ×157 · Hand Cannoneer ×25 · Mameluke ×11 · Monk ×7 · Mangonel ×2 · Battering Ram ×2
Feudal
8:59
Castle
13:58
Imperial
31:09
| APM avg | 39.6 |
| APM peak | 69 |
| eAPM avg | 24.8 |
| Villagers / military | 134 / 156 |
Focus
⚔️ 33.9% · 🌾 66.1%
Spearman ×86 · Scorpion ×36 · Battering Ram ×25 · Trade Cart ×18 · Trebuchet (Packed) ×6 · Monk ×1
Feudal
10:50
Castle
14:30
Imperial
30:46
| APM avg | 43.7 |
| APM peak | 81 |
| eAPM avg | 22.5 |
| Villagers / military | 127 / 150 |
Focus
⚔️ 28.7% · 🌾 71.3%
Knight ×72 · Archer ×32 · Spearman ×31 · Battering Ram ×10 · Mangonel ×3 · Monk ×2
Feudal
9:17
Castle
23:41
Imperial
35:59
| APM avg | 28.3 |
| APM peak | 64 |
| eAPM avg | 18.5 |
| Villagers / military | 137 / 88 |
Focus
⚔️ 32.0% · 🌾 68.0%
Spearman ×60 · Conquistador ×13 · Petard ×8 · Trebuchet (Packed) ×4 · Militia ×3
Feudal
12:53
Castle
15:19
Imperial
34:16
| APM avg | 48.4 |
| APM peak | 94 |
| eAPM avg | 29.5 |
| Villagers / military | 150 / 212 |
Focus
⚔️ 34.1% · 🌾 65.9%
Spearman ×92 · Battle Elephant ×63 · Scorpion ×25 · Battering Ram ×25 · Bombard Cannon ×5 · Monk ×2
Feudal
10:13
Castle
22:21
Imperial
—
| APM avg | 42.6 |
| APM peak | 96 |
| eAPM avg | 22.3 |
| Villagers / military | 95 / 62 |
Focus
⚔️ 20.6% · 🌾 79.4%
Archer ×26 · Shotel Warrior ×24 · Militia ×5 · Scorpion ×5 · Mangonel ×1 · Battering Ram ×1
Feudal
10:08
Castle
24:47
Imperial
—
| APM avg | 53.3 |
| APM peak | 93 |
| eAPM avg | 28.0 |
| Villagers / military | 110 / 32 |
Focus
⚔️ 30.1% · 🌾 69.9%
Camel Archer ×30 · Trade Cart ×6 · Mangonel ×2
Match map
Initial resources + every placement click. Lines = walls · curves = elevation contours. ◆ gold · ⬟ stone · ● berries · ✦ relic · ◌ wall gap
Your base· Open — opponent sealed themselves in
Sir Godua's base· Open — opponent sealed themselves in
TheFaceless23's base· ✓ Closed at 13:58 · 45t walls · no gate
姆狗's base· ✓ Closed at 14:30 · 0t walls · 1 gate(s)
CloudNood's base· Open — opponent sealed themselves in
随机必投's base· ✓ Closed at 15:19 · 0t walls · no gate
verszomj's base· Open — opponent sealed themselves in
knife's base· ✓ Closed at 24:47 · 60t walls · no gate
Smoothed initial terrain · ◌ = detected wall gap · hover for details
Inputs per minute
— Manu - - Sir Godua
Build order — Manu
First 150 of 478 actions detected
| 0:01 | Create | Villager (Male) |
| 0:01 | Create | Villager (Male) |
| 0:02 | Create | Villager (Male) |
| 0:03 | Build | House |
| 0:04 | Build | House |
| 0:25 | Create | Villager (Male) |
| 0:28 | Create | Villager (Male) |
| 1:23 | Create | Villager (Male) |
| 1:44 | Build | Lumber Camp |
| 2:07 | Create | Villager (Male) |
| 2:27 | Create | Villager (Male) |
| 2:50 | Create | Villager (Male) |
| 3:05 | Create | Villager (Male) |
| 3:38 | Create | Villager (Male) |
| 3:40 | Build | House |
| 4:00 | Create | Villager (Male) |
| 4:22 | Build | House |
| 4:43 | Create | Villager (Male) |
| 4:58 | Create | Villager (Male) |
| 5:16 | Build | House |
| 5:25 | Create | Villager (Male) |
| 5:26 | Create | Villager (Male) |
| 5:38 | Create | Villager (Male) |
| 6:39 | Create | Villager (Male) |
| 6:41 | Build | Mill |
| 7:18 | Create | Villager (Male) |
| 7:27 | Build | Mining Camp |
| 7:51 | Create | Villager (Male) |
| 7:58 | Create | Villager (Male) |
| 8:44 | Research | Feudal Age |
| 9:24 | Build | Farm |
| 9:27 | Build | Farm |
| 10:02 | Build | Barracks |
| 10:09 | Create | Villager (Male) |
| 10:09 | Create | Villager (Male) |
| 10:09 | Create | Villager (Male) |
| 10:47 | Age | Feudal Age |
| 10:53 | Build | Blacksmith |
| 11:15 | Build | Stable |
| 11:39 | Create | Villager (Male) |
| 11:42 | Build | House |
| 11:47 | Build | Farm |
| 12:16 | Create | Villager (Male) |
| 13:04 | Research | Loom |
| 13:32 | Research | Castle Age |
| 14:09 | Research | Double-Bit Axe |
| 15:11 | Build | Farm |
| 15:15 | Build | Farm |
| 15:22 | Build | Farm |
| 15:40 | Create | Villager (Male) |
| 15:57 | Age | Castle Age |
| 16:00 | Create | Villager (Male) |
| 16:01 | Create | Villager (Male) |
| 16:05 | Build | Town Center |
| 16:10 | Build | Town Center |
| 16:14 | Create | Villager (Male) |
| 16:22 | Build | Farm |
| 16:24 | Research | Horse Collar |
| 16:45 | Create | Villager (Male) |
| 16:47 | Research | Heavy Plow |
| 16:53 | Build | Farm |
| 16:59 | Build | Farm |
| 17:14 | Create | Villager (Male) |
| 17:17 | Build | Farm |
| 17:33 | Build | Farm |
| 17:35 | Create | Villager (Male) |
| 17:39 | Build | Mining Camp |
| 17:42 | Create | Villager (Male) |
| 17:45 | Build | Farm |
| 17:47 | Build | Farm |
| 17:50 | Build | Farm |
| 17:56 | Build | Farm |
| 17:57 | Create | Villager (Male) |
| 18:02 | Create | Villager (Male) |
| 18:06 | Build | Farm |
| 18:07 | Create | Villager (Male) |
| 18:15 | Create | Villager (Male) |
| 18:21 | Create | Villager (Male) |
| 18:27 | Build | Farm |
| 18:30 | Create | Villager (Male) |
| 18:34 | Build | Farm |
| 18:41 | Build | Farm |
| 18:42 | Create | Villager (Male) |
| 18:55 | Create | Villager (Male) |
| 19:02 | Create | Villager (Male) |
| 19:08 | Create | Villager (Male) |
| 19:19 | Build | House |
| 19:29 | Research | Wheelbarrow |
| 19:34 | Build | House |
| 19:37 | Create | Villager (Male) |
| 19:39 | Build | House |
| 19:46 | Create | Villager (Male) |
| 19:57 | Create | Villager (Male) |
| 20:11 | Build | Town Center |
| 20:19 | Create | Villager (Male) |
| 20:21 | Create | Villager (Male) |
| 20:23 | Build | Farm |
| 20:28 | Build | Farm |
| 20:30 | Create | Villager (Male) |
| 20:32 | Create | Villager (Male) |
| 20:36 | Build | Lumber Camp |
| 20:37 | Create | Villager (Male) |
| 20:40 | Create | Villager (Male) |
| 20:52 | Create | Villager (Male) |
| 20:56 | Build | House |
| 20:57 | Create | Villager (Male) |
| 20:59 | Build | House |
| 21:09 | Create | Knight |
| 21:18 | Create | Villager (Male) |
| 21:26 | Create | Villager (Male) |
| 21:34 | Research | Bow Saw |
| 21:41 | Create | Villager (Male) |
| 21:41 | Create | Villager (Male) |
| 21:45 | Create | Villager (Male) |
| 21:47 | Build | Farm |
| 21:47 | Build | Farm |
| 21:52 | Build | Farm |
| 21:55 | Build | Farm |
| 21:57 | Build | Farm |
| 21:59 | Build | Farm |
| 22:00 | Create | Villager (Male) |
| 22:06 | Create | Knight |
| 22:07 | Create | Villager (Male) |
| 22:12 | Build | Farm |
| 22:14 | Create | Villager (Male) |
| 22:20 | Build | House |
| 22:22 | Build | House |
| 22:24 | Create | Villager (Male) |
| 22:32 | Create | Knight |
| 22:48 | Create | Knight |
| 22:49 | Create | Villager (Male) |
| 22:57 | Create | Knight |
| 22:58 | Create | Villager (Male) |
| 23:04 | Create | Villager (Male) |
| 23:05 | Create | Villager (Male) |
| 23:06 | Create | Villager (Male) |
| 23:06 | Create | Villager (Male) |
| 23:08 | Create | Villager (Male) |
| 23:14 | Build | Mill |
| 23:16 | Build | Farm |
| 23:16 | Build | Farm |
| 23:16 | Build | Farm |
| 23:16 | Build | Farm |
| 23:17 | Build | Farm |
| 23:17 | Build | Farm |
| 23:18 | Create | Villager (Male) |
| 23:27 | Create | Knight |
| 23:35 | Create | Villager (Male) |
| 23:35 | Create | Villager (Male) |
| 23:37 | Create | Villager (Male) |
Build order — Sir Godua
First 150 of 388 actions detected
| 0:01 | Create | Villager (Male) |
| 0:02 | Build | House |
| 0:04 | Build | House |
| 0:04 | Create | Villager (Male) |
| 0:14 | Create | Villager (Male) |
| 0:36 | Create | Villager (Male) |
| 0:37 | Create | Villager (Male) |
| 1:24 | Create | Villager (Male) |
| 1:24 | Create | Villager (Male) |
| 1:54 | Build | Lumber Camp |
| 2:05 | Create | Villager (Male) |
| 2:16 | Create | Villager (Male) |
| 3:01 | Create | Villager (Male) |
| 3:12 | Create | Villager (Male) |
| 3:17 | Build | House |
| 3:37 | Create | Villager (Male) |
| 3:51 | Create | Villager (Male) |
| 4:20 | Create | Villager (Male) |
| 4:37 | Build | House |
| 5:20 | Create | Villager (Male) |
| 5:42 | Create | Villager (Male) |
| 5:54 | Build | Mill |
| 6:12 | Create | Villager (Male) |
| 6:30 | Create | Villager (Male) |
| 6:43 | Create | Villager (Male) |
| 7:05 | Create | Villager (Male) |
| 7:25 | Build | Farm |
| 7:36 | Build | Mining Camp |
| 7:42 | Create | Villager (Male) |
| 7:54 | Create | Villager (Male) |
| 8:06 | Build | House |
| 8:08 | Build | House |
| 8:22 | Create | Villager (Male) |
| 8:41 | Create | Villager (Male) |
| 8:48 | Research | Loom |
| 8:49 | Research | Feudal Age |
| 9:01 | Create | Villager (Male) |
| 9:15 | Create | Villager (Male) |
| 9:43 | Build | Farm |
| 11:22 | Create | Villager (Male) |
| 11:42 | Age | Feudal Age |
| 11:51 | Research | Double-Bit Axe |
| 11:56 | Build | Market |
| 11:59 | Build | Blacksmith |
| 12:30 | Create | Villager (Male) |
| 12:44 | Build | Lumber Camp |
| 13:08 | Create | Villager (Male) |
| 13:17 | Research | Castle Age |
| 13:23 | Build | Barracks |
| 13:44 | Research | Gold Mining |
| 14:03 | Research | Scale Barding Armor |
| 14:29 | Research | Horse Collar |
| 14:35 | Build | Farm |
| 15:22 | Build | House |
| 15:23 | Build | House |
| 16:02 | Create | Villager (Male) |
| 16:03 | Create | Villager (Male) |
| 16:13 | Age | Castle Age |
| 16:16 | Build | Siege Workshop |
| 16:32 | Build | Town Center |
| 16:36 | Create | Villager (Male) |
| 16:45 | Build | Town Center |
| 16:53 | Research | Bow Saw |
| 17:01 | Build | House |
| 17:20 | Create | Battering Ram |
| 17:21 | Create | Villager (Male) |
| 17:57 | Create | Villager (Male) |
| 17:59 | Create | Mangonel |
| 18:16 | Create | Villager (Male) |
| 18:23 | Build | Stable |
| 18:40 | Create | Villager (Male) |
| 18:41 | Create | Villager (Male) |
| 18:43 | Build | Farm |
| 18:43 | Build | Farm |
| 18:43 | Build | Farm |
| 18:43 | Build | Farm |
| 18:44 | Build | Farm |
| 18:44 | Build | Farm |
| 18:46 | Create | Villager (Male) |
| 18:49 | Create | Villager (Male) |
| 19:21 | Create | Villager (Male) |
| 19:26 | Create | Villager (Male) |
| 19:28 | Create | Knight |
| 19:32 | Build | House |
| 19:38 | Build | Monastery |
| 19:49 | Create | Villager (Male) |
| 19:55 | Build | Farm |
| 19:56 | Build | Farm |
| 20:00 | Build | Farm |
| 20:01 | Build | Farm |
| 20:20 | Create | Camel Scout |
| 20:44 | Create | Monk |
| 20:45 | Build | House |
| 20:50 | Create | Villager (Male) |
| 20:50 | Create | Villager (Male) |
| 20:51 | Create | Villager (Male) |
| 20:54 | Build | Farm |
| 20:55 | Build | Farm |
| 20:58 | Build | Farm |
| 20:59 | Build | Farm |
| 21:05 | Build | Farm |
| 21:06 | Build | Farm |
| 21:13 | Research | Wheelbarrow |
| 21:13 | Research | Wheelbarrow |
| 21:35 | Create | Monk |
| 21:42 | Create | Villager (Male) |
| 21:53 | Create | Mangonel |
| 22:03 | Create | Villager (Male) |
| 22:11 | Build | House |
| 22:11 | Create | Villager (Male) |
| 22:13 | Build | Farm |
| 22:16 | Build | Farm |
| 22:20 | Create | Villager (Male) |
| 22:20 | Create | Villager (Male) |
| 22:20 | Create | Villager (Male) |
| 22:23 | Build | Farm |
| 22:23 | Build | Farm |
| 22:24 | Build | Farm |
| 22:24 | Build | Farm |
| 22:45 | Build | House |
| 22:49 | Create | Villager (Male) |
| 22:50 | Create | Villager (Male) |
| 22:50 | Create | Villager (Male) |
| 22:52 | Build | Farm |
| 22:57 | Create | Villager (Male) |
| 23:06 | Create | Villager (Male) |
| 23:20 | Create | Villager (Male) |
| 23:21 | Create | Villager (Male) |
| 23:21 | Create | Villager (Male) |
| 23:25 | Research | Redemption |
| 24:11 | Create | Monk |
| 24:25 | Create | Villager (Male) |
| 24:28 | Build | House |
| 24:51 | Create | Villager (Male) |
| 25:02 | Create | Villager (Male) |
| 25:10 | Build | House |
| 25:28 | Research | Sanctity |
| 25:29 | Create | Villager (Male) |
| 25:49 | Create | Monk |
| 25:57 | Build | House |
| 26:10 | Create | Villager (Male) |
| 26:12 | Create | Villager (Male) |
| 26:13 | Build | Farm |
| 26:14 | Build | Farm |
| 26:14 | Build | Farm |
| 26:15 | Create | Villager (Male) |
| 26:16 | Create | Villager (Male) |
| 26:17 | Research | Hand Cart |
| 26:18 | Create | Villager (Male) |
| 26:23 | Build | Town Center |
Build order — TheFaceless23
First 150 of 455 actions detected
| 0:02 | Create | Villager (Male) |
| 0:02 | Create | Villager (Male) |
| 0:03 | Build | House |
| 0:05 | Build | House |
| 0:24 | Research | Loom |
| 0:24 | Create | Villager (Male) |
| 0:25 | Create | Villager (Male) |
| 0:33 | Create | Villager (Male) |
| 1:21 | Build | Palisade Wall |
| 2:03 | Create | Villager (Male) |
| 2:22 | Build | Lumber Camp |
| 2:35 | Create | Villager (Male) |
| 2:36 | Create | Villager (Male) |
| 2:49 | Create | Villager (Male) |
| 3:23 | Create | Villager (Male) |
| 3:24 | Create | Villager (Male) |
| 3:45 | Build | House |
| 3:47 | Create | Villager (Male) |
| 4:04 | Create | Villager (Male) |
| 4:35 | Create | Villager (Male) |
| 4:52 | Create | Villager (Male) |
| 5:13 | Create | Villager (Male) |
| 5:35 | Create | Villager (Male) |
| 6:12 | Build | House |
| 6:24 | Create | Villager (Male) |
| 6:49 | Research | Feudal Age |
| 7:03 | Build | Mining Camp |
| 7:11 | Build | House |
| 8:27 | Create | Villager (Male) |
| 8:56 | Create | Villager (Male) |
| 8:59 | Age | Feudal Age |
| 9:04 | Build | Stone Wall |
| 9:18 | Create | Villager (Male) |
| 9:24 | Create | Villager (Male) |
| 9:50 | Build | Mill |
| 10:14 | Build | Outpost |
| 10:26 | Create | Villager (Male) |
| 10:31 | Build | Stone Wall |
| 10:32 | Build | Stone Wall |
| 10:33 | Build | Stone Wall |
| 11:18 | Research | Castle Age |
| 11:23 | Build | Lumber Camp |
| 11:44 | Build | Stone Wall |
| 11:47 | Build | Stone Wall |
| 11:53 | Build | Stone Wall |
| 12:10 | Build | Mining Camp |
| 13:03 | Research | Double-Bit Axe |
| 13:10 | Create | Villager (Male) |
| 13:30 | Build | House |
| 13:58 | Age | Castle Age |
| 14:05 | Build | Siege Workshop |
| 14:21 | Create | Villager (Male) |
| 14:41 | Build | House |
| 14:43 | Create | Mangonel |
| 14:51 | Create | Villager (Male) |
| 15:12 | Build | House |
| 15:16 | Create | Villager (Male) |
| 15:21 | Create | Villager (Male) |
| 15:54 | Create | Villager (Male) |
| 15:57 | Build | Town Center |
| 16:33 | Create | Villager (Male) |
| 16:53 | Create | Villager (Male) |
| 17:02 | Build | Town Center |
| 17:14 | Create | Villager (Male) |
| 17:16 | Create | Villager (Male) |
| 17:26 | Build | Farm |
| 17:28 | Create | Villager (Male) |
| 17:40 | Create | Villager (Male) |
| 17:47 | Create | Villager (Male) |
| 17:52 | Build | Monastery |
| 17:59 | Create | Villager (Male) |
| 18:06 | Create | Villager (Male) |
| 18:07 | Build | Farm |
| 18:16 | Build | Farm |
| 18:24 | Create | Villager (Male) |
| 18:39 | Build | Farm |
| 18:42 | Build | Farm |
| 18:43 | Create | Monk |
| 18:49 | Build | Farm |
| 18:49 | Create | Villager (Male) |
| 18:55 | Create | Villager (Male) |
| 19:07 | Create | Villager (Male) |
| 19:09 | Build | Farm |
| 19:36 | Create | Villager (Male) |
| 19:37 | Build | Farm |
| 19:38 | Build | Farm |
| 19:42 | Build | Farm |
| 19:43 | Build | Farm |
| 19:43 | Build | Farm |
| 19:46 | Build | Farm |
| 19:46 | Build | Farm |
| 19:52 | Create | Villager (Male) |
| 20:15 | Build | Market |
| 20:19 | Create | Villager (Male) |
| 20:34 | Create | Villager (Male) |
| 20:35 | Build | Farm |
| 20:36 | Build | Farm |
| 20:36 | Build | Farm |
| 20:38 | Build | Farm |
| 20:45 | Create | Villager (Male) |
| 20:45 | Create | Villager (Male) |
| 20:46 | Build | Farm |
| 20:47 | Build | Farm |
| 20:47 | Build | Farm |
| 21:00 | Create | Villager (Male) |
| 21:08 | Build | Farm |
| 21:09 | Build | Farm |
| 21:09 | Build | Farm |
| 21:13 | Create | Villager (Male) |
| 21:14 | Create | Villager (Male) |
| 21:14 | Create | Villager (Male) |
| 21:41 | Build | House |
| 21:44 | Create | Villager (Male) |
| 21:58 | Create | Villager (Male) |
| 22:00 | Create | Villager (Male) |
| 22:02 | Build | House |
| 22:03 | Build | House |
| 22:03 | Build | House |
| 22:04 | Build | House |
| 22:05 | Create | Villager (Male) |
| 22:12 | Create | Trade Cart |
| 22:13 | Create | Villager (Male) |
| 22:24 | Create | Villager (Male) |
| 22:27 | Build | Gate |
| 22:29 | Build | Stone Wall |
| 22:30 | Build | Stone Wall |
| 22:59 | Create | Villager (Male) |
| 23:00 | Build | Farm |
| 23:00 | Build | Farm |
| 23:00 | Build | Farm |
| 23:00 | Build | Farm |
| 23:01 | Create | Villager (Male) |
| 23:06 | Build | House |
| 23:07 | Build | House |
| 23:08 | Build | House |
| 23:10 | Build | House |
| 23:11 | Build | House |
| 23:11 | Build | House |
| 23:12 | Build | House |
| 23:13 | Create | Villager (Male) |
| 23:15 | Create | Trade Cart |
| 23:17 | Create | Villager (Male) |
| 23:19 | Build | Farm |
| 23:19 | Build | Farm |
| 23:19 | Build | Farm |
| 23:19 | Build | Farm |
| 23:19 | Build | Farm |
| 23:20 | Create | Villager (Male) |
| 23:36 | Build | House |
| 23:37 | Build | House |
Build order — 姆狗
First 150 of 452 actions detected
| 0:01 | Create | Villager (Male) |
| 0:01 | Create | Villager (Male) |
| 0:04 | Build | House |
| 0:05 | Build | House |
| 0:09 | Create | Villager (Male) |
| 0:09 | Create | Villager (Male) |
| 0:09 | Create | Villager (Male) |
| 0:10 | Create | Villager (Male) |
| 1:22 | Create | Villager (Male) |
| 1:44 | Build | Lumber Camp |
| 1:59 | Create | Villager (Male) |
| 2:28 | Create | Villager (Male) |
| 2:28 | Create | Villager (Male) |
| 3:03 | Create | Villager (Male) |
| 3:04 | Create | Villager (Male) |
| 3:37 | Create | Villager (Male) |
| 3:41 | Build | House |
| 3:59 | Create | Villager (Male) |
| 4:04 | Build | Mill |
| 4:24 | Create | Villager (Male) |
| 4:24 | Create | Villager (Male) |
| 5:12 | Create | Villager (Male) |
| 5:12 | Create | Villager (Male) |
| 5:12 | Create | Villager (Male) |
| 5:12 | Create | Villager (Male) |
| 5:32 | Create | Villager (Male) |
| 5:32 | Create | Villager (Male) |
| 5:38 | Build | House |
| 5:53 | Create | Villager (Male) |
| 6:00 | Create | Villager (Male) |
| 6:00 | Create | Villager (Male) |
| 6:46 | Create | Villager (Male) |
| 7:39 | Build | House |
| 7:56 | Create | Villager (Male) |
| 7:56 | Create | Villager (Male) |
| 8:02 | Build | Mining Camp |
| 8:43 | Research | Loom |
| 8:46 | Research | Feudal Age |
| 9:35 | Create | Villager (Male) |
| 9:35 | Create | Villager (Male) |
| 9:45 | Build | Farm |
| 9:50 | Build | Farm |
| 10:07 | Build | Farm |
| 10:11 | Build | Farm |
| 10:50 | Age | Feudal Age |
| 10:53 | Create | Villager (Male) |
| 11:00 | Build | Market |
| 11:03 | Build | Blacksmith |
| 12:04 | Research | Castle Age |
| 12:26 | Research | Double-Bit Axe |
| 12:30 | Build | Farm |
| 12:31 | Build | Farm |
| 12:35 | Build | Farm |
| 13:16 | Build | Barracks |
| 13:22 | Research | Horse Collar |
| 13:40 | Build | Palisade Gate |
| 13:50 | Build | House |
| 14:30 | Age | Castle Age |
| 14:32 | Build | Stable |
| 14:37 | Create | Villager (Male) |
| 14:37 | Create | Villager (Male) |
| 15:03 | Build | Town Center |
| 15:06 | Create | Villager (Male) |
| 15:25 | Create | Villager (Male) |
| 15:39 | Build | Town Center |
| 15:52 | Create | Villager (Male) |
| 16:01 | Build | Farm |
| 16:06 | Build | Farm |
| 16:09 | Build | House |
| 16:10 | Build | House |
| 16:16 | Create | Villager (Male) |
| 16:31 | Create | Villager (Male) |
| 16:36 | Research | Bow Saw |
| 16:44 | Create | Villager (Male) |
| 16:45 | Create | Villager (Male) |
| 16:49 | Research | Heavy Plow |
| 17:00 | Create | Villager (Male) |
| 17:03 | Build | Farm |
| 17:06 | Build | Farm |
| 17:15 | Create | Villager (Male) |
| 17:16 | Create | Villager (Male) |
| 17:17 | Create | Villager (Male) |
| 17:19 | Build | Farm |
| 17:24 | Build | Farm |
| 17:27 | Build | House |
| 17:28 | Build | House |
| 17:29 | Build | House |
| 17:30 | Build | House |
| 17:35 | Create | Villager (Male) |
| 17:40 | Build | Farm |
| 17:41 | Build | Farm |
| 17:49 | Create | Villager (Male) |
| 17:49 | Create | Villager (Male) |
| 17:55 | Create | Villager (Male) |
| 18:00 | Build | Farm |
| 18:01 | Build | Farm |
| 18:09 | Build | Farm |
| 18:10 | Build | Farm |
| 18:19 | Create | Villager (Male) |
| 18:32 | Create | Knight |
| 18:40 | Create | Knight |
| 18:49 | Build | Farm |
| 18:50 | Build | Farm |
| 18:51 | Build | Farm |
| 18:55 | Build | Farm |
| 19:00 | Build | Farm |
| 19:01 | Build | Farm |
| 19:04 | Create | Villager (Male) |
| 19:05 | Create | Villager (Male) |
| 19:05 | Create | Villager (Male) |
| 19:09 | Build | House |
| 19:29 | Create | Villager (Male) |
| 19:30 | Create | Villager (Male) |
| 19:32 | Create | Villager (Male) |
| 19:35 | Build | Farm |
| 19:36 | Build | Farm |
| 20:03 | Create | Villager (Male) |
| 20:04 | Create | Villager (Male) |
| 20:05 | Create | Villager (Male) |
| 20:31 | Build | Farm |
| 20:33 | Build | House |
| 20:34 | Build | House |
| 20:34 | Build | House |
| 20:41 | Build | Siege Workshop |
| 20:43 | Build | House |
| 20:48 | Create | Villager (Male) |
| 20:49 | Create | Villager (Male) |
| 20:50 | Create | Villager (Male) |
| 20:51 | Create | Villager (Male) |
| 20:51 | Create | Villager (Male) |
| 20:52 | Create | Villager (Male) |
| 20:53 | Create | Villager (Male) |
| 20:57 | Build | Farm |
| 20:59 | Build | Farm |
| 21:00 | Build | Farm |
| 21:01 | Build | Farm |
| 21:14 | Build | Monastery |
| 21:31 | Create | Villager (Male) |
| 21:32 | Create | Villager (Male) |
| 21:33 | Create | Villager (Male) |
| 21:35 | Create | Villager (Male) |
| 21:56 | Create | Mangonel |
| 22:03 | Create | Villager (Male) |
| 22:04 | Create | Villager (Male) |
| 22:05 | Create | Villager (Male) |
| 22:09 | Build | Farm |
| 22:10 | Build | Farm |
| 22:11 | Build | Farm |
| 22:14 | Build | Farm |
| 22:15 | Build | Farm |
Build order — CloudNood
First 150 of 383 actions detected
| 0:01 | Create | Villager (Male) |
| 0:01 | Create | Villager (Male) |
| 0:02 | Create | Villager (Male) |
| 0:03 | Build | House |
| 0:05 | Build | House |
| 0:10 | Create | Villager (Male) |
| 1:23 | Create | Villager (Male) |
| 1:45 | Build | Lumber Camp |
| 1:58 | Create | Villager (Male) |
| 2:22 | Create | Villager (Male) |
| 2:53 | Create | Villager (Male) |
| 2:53 | Create | Villager (Male) |
| 3:07 | Create | Villager (Male) |
| 3:40 | Build | House |
| 3:44 | Create | Villager (Male) |
| 4:12 | Create | Villager (Male) |
| 4:12 | Create | Villager (Male) |
| 4:12 | Create | Villager (Male) |
| 4:19 | Build | Mill |
| 4:46 | Create | Villager (Male) |
| 4:52 | Create | Villager (Male) |
| 4:55 | Build | Palisade Wall |
| 5:06 | Create | Villager (Male) |
| 5:52 | Build | House |
| 6:04 | Create | Villager (Male) |
| 6:29 | Research | Loom |
| 7:04 | Research | Feudal Age |
| 7:26 | Build | Barracks |
| 8:05 | Create | Militia |
| 8:06 | Create | Militia |
| 8:18 | Build | Mining Camp |
| 8:22 | Create | Militia |
| 8:56 | Build | House |
| 9:02 | Create | Villager (Male) |
| 9:17 | Age | Feudal Age |
| 9:20 | Build | Watch Tower |
| 9:22 | Research | Man-at-Arms (upgrade) |
| 9:32 | Create | Villager (Male) |
| 9:33 | Create | Villager (Male) |
| 9:58 | Create | Villager (Male) |
| 10:23 | Build | Watch Tower |
| 10:29 | Create | Villager (Male) |
| 10:39 | Create | Villager (Male) |
| 11:27 | Create | Villager (Male) |
| 11:56 | Build | House |
| 11:57 | Create | Villager (Male) |
| 12:02 | Research | Double-Bit Axe |
| 12:27 | Create | Villager (Male) |
| 13:27 | Create | Villager (Male) |
| 13:27 | Create | Villager (Male) |
| 13:57 | Create | Villager (Male) |
| 13:57 | Create | Villager (Male) |
| 13:59 | Build | Farm |
| 14:01 | Build | Farm |
| 14:37 | Build | Farm |
| 14:39 | Build | Farm |
| 14:54 | Build | Lumber Camp |
| 15:07 | Build | Stone Wall |
| 15:11 | Create | Villager (Male) |
| 15:19 | Build | Stone Wall |
| 15:31 | Build | Farm |
| 15:47 | Build | Stone Wall |
| 15:48 | Create | Villager (Male) |
| 15:50 | Build | Farm |
| 16:08 | Create | Villager (Male) |
| 16:09 | Create | Villager (Male) |
| 16:12 | Build | Market |
| 16:29 | Build | Farm |
| 16:36 | Build | Farm |
| 16:36 | Create | Villager (Male) |
| 16:39 | Build | House |
| 16:51 | Build | Farm |
| 17:00 | Create | Villager (Male) |
| 17:05 | Build | Farm |
| 17:07 | Build | Farm |
| 17:17 | Build | Farm |
| 17:22 | Create | Villager (Male) |
| 17:41 | Create | Villager (Male) |
| 17:44 | Build | Farm |
| 18:13 | Create | Villager (Male) |
| 18:16 | Build | House |
| 18:18 | Create | Villager (Male) |
| 18:20 | Build | Mining Camp |
| 18:24 | Build | Blacksmith |
| 18:35 | Build | Farm |
| 18:55 | Research | Wheelbarrow |
| 19:00 | Build | Mining Camp |
| 19:03 | Build | Farm |
| 19:25 | Build | House |
| 20:00 | Build | House |
| 20:07 | Build | Stone Wall |
| 20:10 | Build | Stone Wall |
| 20:13 | Build | Stone Wall |
| 20:18 | Build | Stone Wall |
| 20:26 | Create | Villager (Male) |
| 21:01 | Research | Castle Age |
| 21:45 | Research | Gold Mining |
| 21:48 | Research | Horse Collar |
| 22:06 | Research | Stone Mining |
| 22:39 | Create | Villager (Male) |
| 23:02 | Research | Fletching |
| 23:13 | Create | Villager (Male) |
| 23:41 | Age | Castle Age |
| 23:46 | Build | Castle |
| 24:13 | Build | Castle |
| 24:22 | Create | Villager (Male) |
| 24:25 | Research | Bow Saw |
| 24:31 | Build | Town Center |
| 24:34 | Create | Villager (Male) |
| 25:05 | Create | Villager (Male) |
| 25:08 | Create | Conquistador |
| 25:09 | Create | Conquistador |
| 25:16 | Build | Farm |
| 25:18 | Build | Farm |
| 25:19 | Create | Villager (Male) |
| 25:23 | Create | Conquistador |
| 25:33 | Create | Villager (Male) |
| 25:33 | Create | Villager (Male) |
| 25:36 | Create | Villager (Male) |
| 25:39 | Create | Conquistador |
| 25:41 | Create | Conquistador |
| 25:59 | Create | Conquistador |
| 26:15 | Create | Petard |
| 26:15 | Create | Petard |
| 26:28 | Create | Conquistador |
| 26:35 | Create | Villager (Male) |
| 26:35 | Create | Villager (Male) |
| 26:36 | Create | Villager (Male) |
| 26:37 | Create | Villager (Male) |
| 26:47 | Build | Town Center |
| 26:48 | Create | Villager (Male) |
| 26:54 | Create | Conquistador |
| 27:31 | Create | Conquistador |
| 28:01 | Create | Conquistador |
| 28:02 | Create | Villager (Male) |
| 28:03 | Create | Villager (Male) |
| 28:03 | Create | Villager (Male) |
| 28:04 | Create | Villager (Male) |
| 28:06 | Build | Farm |
| 28:07 | Build | Farm |
| 28:08 | Build | Farm |
| 28:09 | Build | Farm |
| 28:11 | Build | Farm |
| 28:21 | Research | Padded Archer Armor |
| 28:38 | Create | Conquistador |
| 28:39 | Create | Villager (Male) |
| 28:40 | Create | Villager (Male) |
| 28:41 | Create | Villager (Male) |
| 28:43 | Build | Farm |
| 28:44 | Build | Farm |
Build order — 随机必投
First 150 of 574 actions detected
| 0:01 | Create | Villager (Male) |
| 0:02 | Create | Villager (Male) |
| 0:02 | Create | Villager (Male) |
| 0:03 | Build | House |
| 0:05 | Build | House |
| 0:16 | Create | Villager (Male) |
| 0:16 | Create | Villager (Male) |
| 1:24 | Create | Villager (Male) |
| 1:25 | Create | Villager (Male) |
| 1:53 | Create | Villager (Male) |
| 1:53 | Create | Villager (Male) |
| 2:18 | Create | Villager (Male) |
| 2:18 | Create | Villager (Male) |
| 2:37 | Build | Lumber Camp |
| 2:56 | Create | Villager (Male) |
| 2:57 | Create | Villager (Male) |
| 3:20 | Create | Villager (Male) |
| 3:20 | Create | Villager (Male) |
| 3:39 | Build | House |
| 3:41 | Build | House |
| 3:43 | Build | House |
| 3:50 | Create | Villager (Male) |
| 3:51 | Create | Villager (Male) |
| 3:51 | Create | Villager (Male) |
| 3:58 | Create | Villager (Male) |
| 4:09 | Create | Villager (Male) |
| 4:37 | Build | House |
| 4:40 | Build | House |
| 4:46 | Build | House |
| 5:45 | Create | Villager (Male) |
| 5:45 | Create | Villager (Male) |
| 5:57 | Create | Villager (Male) |
| 5:57 | Create | Villager (Male) |
| 6:11 | Build | Mill |
| 6:19 | Create | Villager (Male) |
| 6:20 | Create | Villager (Male) |
| 6:20 | Create | Villager (Male) |
| 6:52 | Create | Villager (Male) |
| 6:52 | Create | Villager (Male) |
| 6:52 | Create | Villager (Male) |
| 7:31 | Create | Villager (Male) |
| 7:31 | Create | Villager (Male) |
| 7:52 | Build | Farm |
| 7:53 | Build | Farm |
| 8:03 | Build | Farm |
| 8:05 | Create | Villager (Male) |
| 8:05 | Create | Villager (Male) |
| 8:26 | Create | Villager (Male) |
| 8:30 | Create | Villager (Male) |
| 8:33 | Build | Farm |
| 8:52 | Create | Villager (Male) |
| 8:53 | Create | Villager (Male) |
| 9:35 | Create | Villager (Male) |
| 9:38 | Build | Mining Camp |
| 10:24 | Build | Farm |
| 11:06 | Research | Feudal Age |
| 11:06 | Research | Feudal Age |
| 11:41 | Create | Villager (Male) |
| 11:42 | Create | Villager (Male) |
| 12:26 | Build | Farm |
| 12:53 | Age | Feudal Age |
| 12:57 | Build | Blacksmith |
| 12:59 | Build | Market |
| 13:06 | Research | Double-Bit Axe |
| 13:07 | Research | Double-Bit Axe |
| 13:12 | Research | Horse Collar |
| 13:12 | Research | Horse Collar |
| 13:34 | Research | Castle Age |
| 13:35 | Research | Castle Age |
| 13:50 | Create | Villager (Male) |
| 13:51 | Create | Villager (Male) |
| 14:44 | Build | House |
| 14:49 | Build | House |
| 14:50 | Build | House |
| 14:54 | Create | Villager (Male) |
| 14:56 | Build | House |
| 14:58 | Build | House |
| 14:59 | Build | House |
| 14:59 | Build | House |
| 15:19 | Age | Castle Age |
| 15:21 | Build | Lumber Camp |
| 15:25 | Create | Villager (Male) |
| 15:29 | Build | Town Center |
| 16:17 | Research | Bow Saw |
| 16:17 | Research | Bow Saw |
| 16:36 | Research | Wheelbarrow |
| 16:36 | Create | Villager (Male) |
| 16:36 | Create | Villager (Male) |
| 16:41 | Create | Villager (Male) |
| 16:41 | Create | Villager (Male) |
| 16:41 | Create | Villager (Male) |
| 16:42 | Create | Villager (Male) |
| 16:44 | Create | Villager (Male) |
| 16:45 | Create | Villager (Male) |
| 16:45 | Create | Villager (Male) |
| 16:45 | Create | Villager (Male) |
| 16:46 | Create | Villager (Male) |
| 16:55 | Create | Villager (Male) |
| 16:56 | Create | Villager (Male) |
| 16:56 | Create | Villager (Male) |
| 16:57 | Create | Villager (Male) |
| 17:08 | Research | Gold Mining |
| 17:08 | Research | Gold Mining |
| 17:24 | Build | Siege Workshop |
| 17:45 | Create | Villager (Male) |
| 17:45 | Create | Villager (Male) |
| 18:02 | Build | Siege Workshop |
| 18:06 | Create | Villager (Male) |
| 18:11 | Create | Scorpion |
| 18:12 | Create | Scorpion |
| 18:23 | Create | Villager (Male) |
| 18:23 | Create | Villager (Male) |
| 18:28 | Build | Farm |
| 18:33 | Build | Farm |
| 18:36 | Build | Farm |
| 18:42 | Build | Farm |
| 18:45 | Build | Farm |
| 18:58 | Create | Battering Ram |
| 18:58 | Create | Battering Ram |
| 19:06 | Create | Scorpion |
| 19:16 | Create | Villager (Male) |
| 19:17 | Create | Villager (Male) |
| 19:20 | Build | Farm |
| 19:21 | Create | Villager (Male) |
| 19:21 | Create | Villager (Male) |
| 19:37 | Build | Monastery |
| 19:40 | Build | Lumber Camp |
| 19:42 | Create | Villager (Male) |
| 19:46 | Create | Scorpion |
| 19:46 | Create | Scorpion |
| 19:46 | Create | Battering Ram |
| 19:47 | Create | Scorpion |
| 19:53 | Create | Scorpion |
| 19:53 | Create | Scorpion |
| 19:58 | Create | Villager (Male) |
| 20:07 | Create | Battering Ram |
| 20:07 | Create | Battering Ram |
| 20:17 | Create | Battering Ram |
| 20:22 | Create | Scorpion |
| 20:22 | Create | Scorpion |
| 20:26 | Create | Villager (Male) |
| 20:39 | Create | Villager (Male) |
| 20:41 | Create | Villager (Male) |
| 20:51 | Create | Monk |
| 20:51 | Create | Monk |
| 20:52 | Create | Villager (Male) |
| 20:52 | Create | Villager (Male) |
| 20:58 | Build | Town Center |
| 21:00 | Create | Villager (Male) |
| 21:05 | Build | Farm |
Build order — verszomj
First 150 of 220 actions detected
| 0:01 | Create | Villager (Male) ×4 |
| 0:02 | Create | Villager (Male) ×4 |
| 0:03 | Build | House |
| 0:05 | Build | House |
| 1:17 | Create | Villager (Male) |
| 1:17 | Create | Villager (Male) |
| 2:02 | Create | Villager (Male) |
| 2:02 | Create | Villager (Male) |
| 2:11 | Build | Lumber Camp |
| 2:14 | Create | Villager (Male) |
| 2:44 | Create | Villager (Male) |
| 2:44 | Create | Villager (Male) |
| 3:07 | Create | Villager (Male) |
| 3:07 | Create | Villager (Male) |
| 3:16 | Create | Villager (Male) |
| 3:17 | Create | Villager (Male) |
| 4:04 | Create | Villager (Male) |
| 4:04 | Create | Villager (Male) |
| 4:15 | Create | Villager (Male) |
| 4:15 | Create | Villager (Male) |
| 4:16 | Create | Villager (Male) |
| 4:39 | Create | Villager (Male) |
| 4:40 | Build | House |
| 4:43 | Research | Loom |
| 5:03 | Create | Villager (Male) |
| 5:03 | Create | Villager (Male) |
| 5:04 | Create | Villager (Male) |
| 5:04 | Create | Villager (Male) |
| 5:04 | Create | Villager (Male) |
| 5:21 | Build | House |
| 5:46 | Build | House |
| 6:12 | Create | Villager (Male) |
| 6:12 | Create | Villager (Male) |
| 6:12 | Create | Villager (Male) |
| 6:15 | Create | Villager (Male) |
| 6:16 | Create | Villager (Male) |
| 7:07 | Build | Barracks |
| 7:11 | Create | Villager (Male) |
| 7:37 | Create | Villager (Male) |
| 8:02 | Research | Feudal Age |
| 8:07 | Create | Militia |
| 8:07 | Create | Militia |
| 8:38 | Create | Militia |
| 8:41 | Build | Mining Camp |
| 9:26 | Create | Militia |
| 9:58 | Create | Villager (Male) |
| 9:59 | Create | Villager (Male) |
| 10:01 | Create | Militia |
| 10:13 | Age | Feudal Age |
| 10:17 | Build | Archery Range |
| 10:33 | Research | Double-Bit Axe |
| 10:49 | Create | Archer |
| 10:49 | Create | Archer |
| 10:59 | Build | Watch Tower |
| 11:02 | Research | Man-at-Arms (upgrade) |
| 11:09 | Create | Villager (Male) |
| 11:27 | Build | House |
| 12:07 | Create | Archer |
| 12:07 | Create | Archer |
| 12:42 | Create | Villager (Male) |
| 12:44 | Build | House |
| 12:52 | Create | Villager (Male) |
| 12:57 | Build | Mill |
| 13:13 | Create | Villager (Male) |
| 13:26 | Build | House |
| 13:56 | Create | Villager (Male) |
| 14:00 | Build | Mining Camp |
| 14:01 | Create | Villager (Male) |
| 14:23 | Build | Stone Wall |
| 14:31 | Build | Gate |
| 14:36 | Create | Villager (Male) |
| 14:42 | Build | House |
| 15:05 | Create | Villager (Male) |
| 15:24 | Create | Villager (Male) |
| 15:27 | Build | Farm |
| 15:31 | Build | Farm |
| 15:36 | Build | Farm |
| 15:54 | Create | Villager (Male) |
| 16:02 | Create | Villager (Male) |
| 16:07 | Build | Farm |
| 16:20 | Build | Stone Wall |
| 16:26 | Build | Farm |
| 16:30 | Build | House |
| 16:33 | Build | House |
| 16:38 | Research | Horse Collar |
| 16:38 | Research | Horse Collar |
| 17:04 | Build | Farm |
| 17:05 | Create | Villager (Male) |
| 17:30 | Research | Wheelbarrow |
| 18:28 | Build | Market |
| 18:31 | Create | Villager (Male) |
| 19:02 | Create | Villager (Male) |
| 19:07 | Build | Farm |
| 19:10 | Build | Farm |
| 19:36 | Research | Castle Age |
| 20:02 | Build | Farm |
| 20:02 | Build | Farm |
| 20:02 | Build | Farm |
| 20:02 | Build | Farm |
| 20:03 | Build | Farm |
| 20:03 | Build | Farm |
| 20:28 | Build | House |
| 20:29 | Build | House |
| 20:29 | Build | House |
| 20:29 | Build | House |
| 20:30 | Build | House |
| 20:30 | Build | House |
| 21:33 | Build | Stone Wall |
| 22:07 | Build | Stone Wall |
| 22:21 | Age | Castle Age |
| 22:24 | Build | Castle |
| 22:36 | Create | Villager (Male) |
| 22:49 | Build | Blacksmith |
| 23:12 | Build | Mining Camp |
| 23:16 | Create | Villager (Male) |
| 23:16 | Create | Villager (Male) |
| 23:19 | Create | Shotel Warrior |
| 23:19 | Create | Shotel Warrior |
| 23:19 | Create | Shotel Warrior |
| 23:19 | Create | Shotel Warrior |
| 23:22 | Create | Shotel Warrior |
| 23:37 | Build | Siege Workshop |
| 23:56 | Research | Scale Mail Armor |
| 23:57 | Create | Villager (Male) |
| 24:13 | Build | Lumber Camp |
| 24:24 | Create | Battering Ram |
| 25:04 | Create | Shotel Warrior |
| 25:04 | Create | Shotel Warrior |
| 25:04 | Create | Shotel Warrior |
| 25:04 | Create | Shotel Warrior |
| 25:05 | Create | Shotel Warrior |
| 25:14 | Create | Shotel Warrior |
| 25:14 | Create | Shotel Warrior |
| 25:22 | Create | Villager (Male) |
| 25:22 | Create | Villager (Male) |
| 25:23 | Create | Villager (Male) |
| 26:30 | Create | Villager (Male) |
| 26:32 | Create | Shotel Warrior |
| 26:33 | Create | Shotel Warrior |
| 26:38 | Build | Barracks |
| 26:39 | Create | Villager (Male) |
| 26:39 | Create | Villager (Male) |
| 26:55 | Create | Villager (Male) |
| 27:02 | Build | Archery Range |
| 27:05 | Research | Fletching |
| 27:09 | Build | Archery Range |
| 27:11 | Create | Villager (Male) |
| 27:19 | Build | Farm |
| 27:23 | Build | Farm |
| 27:25 | Create | Villager (Male) |
Build order — knife
First 150 of 288 actions detected
| 0:02 | Create | Villager (Male) |
| 0:03 | Create | Villager (Male) |
| 0:04 | Build | House |
| 0:05 | Build | House |
| 0:35 | Create | Villager (Male) |
| 0:35 | Create | Villager (Male) |
| 0:36 | Create | Villager (Male) |
| 0:44 | Research | Loom |
| 0:51 | Create | Villager (Male) |
| 1:04 | Create | Villager (Male) |
| 1:04 | Create | Villager (Male) |
| 1:18 | Build | Palisade Wall |
| 1:50 | Create | Villager (Male) |
| 1:50 | Create | Villager (Male) |
| 1:51 | Create | Villager (Male) |
| 2:28 | Create | Villager (Male) |
| 2:29 | Create | Villager (Male) |
| 2:29 | Create | Villager (Male) |
| 3:10 | Create | Villager (Male) |
| 3:10 | Create | Villager (Male) |
| 3:10 | Create | Villager (Male) |
| 3:10 | Create | Villager (Male) |
| 3:27 | Build | Palisade Wall |
| 3:41 | Create | Villager (Male) |
| 3:41 | Create | Villager (Male) |
| 3:41 | Create | Villager (Male) |
| 3:41 | Create | Villager (Male) |
| 3:57 | Build | Palisade Wall |
| 4:01 | Build | Palisade Wall |
| 4:10 | Create | Villager (Male) |
| 4:10 | Create | Villager (Male) |
| 4:11 | Create | Villager (Male) |
| 4:22 | Create | Villager (Male) |
| 4:23 | Create | Villager (Male) |
| 4:42 | Build | House |
| 4:49 | Create | Villager (Male) |
| 4:50 | Create | Villager (Male) |
| 4:50 | Create | Villager (Male) |
| 5:25 | Build | Lumber Camp |
| 5:31 | Create | Villager (Male) |
| 5:32 | Create | Villager (Male) |
| 5:32 | Create | Villager (Male) |
| 5:32 | Create | Villager (Male) |
| 6:20 | Create | Villager (Male) |
| 6:50 | Create | Villager (Male) |
| 7:21 | Build | Mining Camp |
| 7:58 | Research | Feudal Age |
| 7:58 | Research | Feudal Age |
| 8:19 | Build | Outpost |
| 8:23 | Build | House |
| 8:41 | Create | Villager (Male) |
| 8:55 | Build | House |
| 9:40 | Build | Palisade Wall |
| 9:49 | Build | Palisade Wall |
| 10:08 | Age | Feudal Age |
| 10:43 | Build | Stone Wall |
| 10:45 | Build | Stone Wall |
| 10:54 | Build | Stone Wall |
| 11:07 | Build | Watch Tower |
| 11:19 | Create | Villager (Male) |
| 11:19 | Create | Villager (Male) |
| 11:35 | Create | Villager (Male) |
| 11:35 | Create | Villager (Male) |
| 11:45 | Build | Stone Wall |
| 11:54 | Build | Palisade Wall |
| 12:15 | Build | Palisade Wall |
| 12:17 | Build | Palisade Wall |
| 12:19 | Build | Palisade Wall |
| 12:39 | Research | Double-Bit Axe |
| 12:39 | Research | Double-Bit Axe |
| 13:00 | Build | Stone Wall |
| 13:02 | Build | Stone Wall |
| 13:28 | Create | Villager (Male) |
| 13:50 | Create | Villager (Male) |
| 13:50 | Create | Villager (Male) |
| 14:32 | Create | Villager (Male) |
| 14:33 | Create | Villager (Male) |
| 14:46 | Build | Blacksmith |
| 15:09 | Research | Fletching |
| 15:10 | Research | Fletching |
| 15:14 | Build | House |
| 15:30 | Build | Mill |
| 15:50 | Create | Villager (Male) |
| 16:00 | Create | Villager (Male) |
| 16:12 | Build | Farm |
| 16:13 | Build | Farm |
| 16:31 | Build | House |
| 16:33 | Create | Villager (Male) |
| 16:41 | Build | Farm |
| 16:42 | Build | Farm |
| 17:13 | Create | Villager (Male) |
| 17:15 | Build | Farm |
| 17:16 | Build | Farm |
| 17:26 | Create | Villager (Male) |
| 17:34 | Build | Watch Tower |
| 17:41 | Build | Watch Tower |
| 17:47 | Create | Villager (Male) |
| 17:51 | Build | Farm |
| 17:52 | Build | Farm |
| 18:14 | Build | Stone Wall |
| 18:39 | Create | Villager (Male) |
| 18:40 | Create | Villager (Male) |
| 18:42 | Create | Villager (Male) |
| 18:58 | Build | Stone Wall |
| 19:23 | Create | Villager (Male) |
| 19:29 | Build | Stone Wall |
| 19:38 | Create | Villager (Male) |
| 20:13 | Create | Villager (Male) |
| 20:17 | Build | House |
| 20:19 | Build | Market |
| 20:28 | Build | Stone Wall |
| 20:30 | Build | Stone Wall |
| 20:31 | Build | Stone Wall |
| 20:48 | Research | Wheelbarrow |
| 20:53 | Build | Mining Camp |
| 20:59 | Build | Outpost |
| 21:31 | Build | Stone Wall |
| 21:42 | Build | Stone Wall |
| 21:46 | Create | Villager (Male) |
| 22:07 | Research | Castle Age |
| 22:07 | Research | Castle Age |
| 22:07 | Research | Castle Age |
| 22:31 | Research | Stone Mining |
| 22:32 | Research | Horse Collar |
| 22:32 | Research | Horse Collar |
| 22:49 | Build | House |
| 22:50 | Build | House |
| 24:12 | Create | Villager (Male) |
| 24:17 | Build | House |
| 24:18 | Build | House |
| 24:32 | Build | Outpost |
| 24:47 | Age | Castle Age |
| 25:09 | Build | Watch Tower |
| 25:36 | Build | Castle |
| 25:41 | Create | Villager (Male) |
| 25:44 | Build | House |
| 25:50 | Build | Town Center |
| 25:54 | Create | Villager (Male) |
| 26:11 | Research | Bodkin Arrow |
| 26:11 | Research | Bodkin Arrow |
| 26:21 | Create | Villager (Male) |
| 27:16 | Build | Lumber Camp |
| 27:41 | Create | Camel Archer |
| 27:41 | Create | Camel Archer |
| 27:43 | Research | Padded Archer Armor |
| 27:43 | Research | Padded Archer Armor |
| 27:54 | Create | Villager (Male) |
| 27:54 | Create | Villager (Male) |
| 27:55 | Create | Camel Archer |
| 27:55 | Create | Camel Archer |
Match timeline
| 1:18 | knife · wall_segment Palisade Wall x6 |
| 1:21 | TheFaceless23 · wall_segment Palisade Wall x8 |
| 3:27 | knife · wall_segment Palisade Wall x1 |
| 3:57 | knife · wall_segment Palisade Wall x5 |
| 4:01 | knife · wall_segment Palisade Wall x4 |
| 4:55 | CloudNood · wall_segment Palisade Wall x1 |
| 7:07 | verszomj · first_building Barracks |
| 7:26 | CloudNood · first_building Barracks |
| 8:59 | TheFaceless23 · age_up feudal |
| 9:04 | TheFaceless23 · wall_segment Stone Wall x10 |
| 9:17 | CloudNood · age_up feudal |
| 9:40 | knife · wall_segment Palisade Wall x3 |
| 9:49 | knife · wall_segment Palisade Wall x4 |
| 10:02 | Manu · first_building Barracks |
| 10:08 | knife · age_up feudal |
| 10:13 | verszomj · age_up feudal |
| 10:17 | verszomj · first_building Archery Range |
| 10:31 | TheFaceless23 · wall_segment Stone Wall x8 |
| 10:32 | TheFaceless23 · wall_segment Stone Wall x1 |
| 10:33 | TheFaceless23 · wall_segment Stone Wall x1 |
| 10:43 | knife · wall_segment Stone Wall x3 |
| 10:45 | knife · wall_segment Stone Wall x1 |
| 10:47 | Manu · age_up feudal |
| 10:50 | 姆狗 · age_up feudal |
| 10:54 | knife · wall_segment Stone Wall x1 |
| 11:15 | Manu · first_building Stable |
| 11:42 | Sir Godua · age_up feudal |
| 11:44 | TheFaceless23 · wall_segment Stone Wall x7 |
| 11:45 | knife · wall_segment Stone Wall x11 |
| 11:47 | TheFaceless23 · wall_segment Stone Wall x5 |
| 11:53 | TheFaceless23 · wall_segment Stone Wall x5 |
| 11:54 | knife · wall_segment Palisade Wall x1 |
| 12:15 | knife · wall_segment Palisade Wall x1 |
| 12:17 | knife · wall_segment Palisade Wall x1 |
| 12:19 | knife · wall_segment Palisade Wall x1 |
| 12:53 | 随机必投 · age_up feudal |
| 13:00 | knife · wall_segment Stone Wall x1 |
| 13:02 | knife · wall_segment Stone Wall x1 |
| 13:14 | Sir Godua · first_market_sell 100 wood |
| 13:15 | Sir Godua · first_market_buy 100 food |
| 13:16 | 姆狗 · first_building Barracks |
| 13:23 | Sir Godua · first_building Barracks |
| 13:58 | TheFaceless23 · age_up castle |
| 14:05 | TheFaceless23 · first_building Siege Workshop |
| 14:23 | verszomj · wall_segment Stone Wall x4 |
| 14:30 | 姆狗 · age_up castle |
| 14:32 | 姆狗 · first_building Stable |
| 15:07 | CloudNood · wall_segment Stone Wall x6 |
| 15:19 | CloudNood · wall_segment Stone Wall x10 |
| 15:19 | 随机必投 · age_up castle |
| 15:47 | CloudNood · wall_segment Stone Wall x1 |
| 15:57 | Manu · age_up castle |
| 16:13 | Sir Godua · age_up castle |
| 16:16 | Sir Godua · first_building Siege Workshop |
| 16:20 | verszomj · wall_segment Stone Wall x3 |
| 16:41 | 姆狗 · first_market_buy 100 food |
| 17:24 | 随机必投 · first_building Siege Workshop |
| 17:52 | TheFaceless23 · first_building Monastery |
| 18:14 | knife · wall_segment Stone Wall x1 |
| 18:23 | Sir Godua · first_building Stable |
| 18:30 | 姆狗 · first_market_sell 100 wood |
| 18:58 | knife · wall_segment Stone Wall x6 |
| 19:26 | verszomj · first_market_buy 100 food |
| 19:29 | knife · wall_segment Stone Wall x6 |
| 19:37 | 随机必投 · first_building Monastery |
| 19:38 | Sir Godua · first_building Monastery |
| 20:07 | CloudNood · wall_segment Stone Wall x1 |
| 20:10 | CloudNood · wall_segment Stone Wall x1 |
| 20:13 | CloudNood · wall_segment Stone Wall x1 |
| 20:18 | CloudNood · wall_segment Stone Wall x1 |
| 20:28 | knife · wall_segment Stone Wall x1 |
| 20:30 | knife · wall_segment Stone Wall x1 |
| 20:31 | knife · wall_segment Stone Wall x1 |
| 20:41 | 姆狗 · first_building Siege Workshop |
| 20:51 | CloudNood · first_market_sell 100 stone |
| 20:52 | CloudNood · first_market_buy 100 food |
| 21:13 | TheFaceless23 · first_market_buy 100 food |
| 21:14 | 姆狗 · first_building Monastery |
| 21:31 | knife · wall_segment Stone Wall x1 |
| 21:33 | verszomj · wall_segment Stone Wall x4 |
| 21:42 | knife · wall_segment Stone Wall x1 |
| 21:51 | knife · first_market_sell 100 food |
| 22:07 | verszomj · wall_segment Stone Wall x1 |
| 22:21 | verszomj · age_up castle |
| 22:24 | verszomj · first_building Castle |
| 22:27 | 随机必投 · first_building Barracks |
| 22:29 | TheFaceless23 · wall_segment Stone Wall x2 |
| 22:30 | TheFaceless23 · wall_segment Stone Wall x5 |
| 23:37 | verszomj · first_building Siege Workshop |
| 23:41 | CloudNood · age_up castle |
| 23:46 | CloudNood · first_building Castle |
| 23:47 | 随机必投 · first_building Stable |
| 23:57 | Manu · wall_segment Stone Wall x4 |
| 24:18 | TheFaceless23 · first_building Castle |
| 24:47 | knife · age_up castle |
| 25:36 | knife · first_building Castle |
| 27:33 | TheFaceless23 · first_market_sell 100 stone |
| 27:36 | verszomj · wall_segment Stone Wall x16 |
| 28:05 | verszomj · first_market_sell 500 stone |
| 28:24 | Manu · first_building Monastery |
| 29:01 | knife · first_building Siege Workshop |
| 29:06 | Manu · first_building Castle |
| 29:40 | Manu · first_market_sell 100 wood |
| 30:06 | knife · first_building Barracks |
| 30:34 | Sir Godua · first_building Castle |
| 30:38 | TheFaceless23 · first_building Barracks |
| 30:46 | 姆狗 · age_up imperial |
| 31:09 | TheFaceless23 · age_up imperial |
| 31:18 | knife · first_building Stable |
| 32:18 | CloudNood · wall_segment Stone Wall x10 |
| 32:28 | Manu · age_up imperial |
| 32:39 | Sir Godua · age_up imperial |
| 33:49 | CloudNood · wall_segment Stone Wall x3 |
| 34:12 | 姆狗 · first_building Castle |
| 34:16 | 随机必投 · age_up imperial |
| 34:38 | CloudNood · wall_segment Stone Wall x3 |
| 34:44 | CloudNood · wall_segment Stone Wall x1 |
| 34:47 | CloudNood · wall_segment Stone Wall x1 |
| 35:03 | CloudNood · wall_segment Stone Wall x3 |
| 35:07 | CloudNood · wall_segment Stone Wall x1 |
| 35:59 | CloudNood · age_up imperial |
| 36:07 | 随机必投 · first_building Castle |
| 37:17 | Sir Godua · tribute_sent a jugador 2 |
| 37:17 | Sir Godua · tribute_sent a jugador 3 |
| 37:17 | Sir Godua · tribute_sent a jugador 4 |
| 37:17 | Sir Godua · tribute_sent a jugador 5 |
| 37:17 | Sir Godua · tribute_sent a jugador 6 |
| 37:17 | Sir Godua · tribute_sent a jugador 7 |
| 37:17 | Sir Godua · tribute_sent a jugador 8 |
| 37:58 | 姆狗 · first_building Archery Range |
| 38:21 | Manu · first_market_buy 500 stone |
| 39:05 | Sir Godua · first_building Archery Range |
| 39:38 | Sir Godua · tribute_sent a jugador 2 |
| 39:38 | Sir Godua · tribute_sent a jugador 3 |
| 39:38 | Sir Godua · tribute_sent a jugador 4 |
| 39:38 | Sir Godua · tribute_sent a jugador 5 |
| 39:38 | Sir Godua · tribute_sent a jugador 6 |
| 39:38 | Sir Godua · tribute_sent a jugador 7 |
| 39:38 | Sir Godua · tribute_sent a jugador 8 |
| 39:38 | 姆狗 · tribute_sent a jugador 1 |
| 39:38 | 姆狗 · tribute_sent a jugador 2 |
| 39:38 | 姆狗 · tribute_sent a jugador 3 |
| 39:38 | 姆狗 · tribute_sent a jugador 5 |
| 39:38 | 姆狗 · tribute_sent a jugador 6 |
| 39:38 | 姆狗 · tribute_sent a jugador 7 |
| 39:38 | 姆狗 · tribute_sent a jugador 8 |
| 39:44 | knife · wall_segment Stone Wall x1 |
| 39:46 | knife · wall_segment Stone Wall x6 |
| 40:49 | knife · first_building Archery Range |
| 41:02 | 随机必投 · first_market_sell 500 wood |
| 41:03 | Sir Godua · tribute_sent a jugador 2 |
| 41:03 | Sir Godua · tribute_sent a jugador 3 |
| 41:03 | Sir Godua · tribute_sent a jugador 4 |
| 41:03 | Sir Godua · tribute_sent a jugador 5 |
| 41:03 | Sir Godua · tribute_sent a jugador 6 |
| 41:03 | Sir Godua · tribute_sent a jugador 7 |
| 41:03 | Sir Godua · tribute_sent a jugador 8 |
| 41:07 | CloudNood · first_building Archery Range |
| 41:12 | Manu · resign |
[ AI ANALYSIS · 1 CREDIT ]
What really happened in this match?
Wolo.gg analyzes every decision: build order, eco, micro, common mistakes by bracket. Personalized analysis on WhatsApp or Discord in 30 seconds.
Civ guide
Persians
Perfil
Jugador #529844